 Dungeon Crawl Stone Soup version 0.19-a0-1107-gc676ff4 (webtiles) character file.

35 JustSomeDude the Sneak (level 3, -4/32 HPs)
             Began as a Naga Assassin on Aug 9, 2016.
             Slain by a kobold
             ... wielding a +0 short sword
              (6 damage)
             ... on level 1 of the Dungeon.
             The game lasted 00:01:43 (866 turns).

JustSomeDude the Sneak (Naga Assassin)               Turns: 866, Time: 00:01:44

Health: -4/32      AC:  3    Str: 14    XL:     3   Next: 33%
Magic:  3/3        EV:  9    Int: 11    God:
Gold:   34         SH:  0    Dex: 12    Spells: 0 memorised, 2 levels left

rFire  . . .     SeeInvis +     k - +0 short sword
rCold  . . .     Gourm    .     c - +0 robe
rNeg   . . .     Faith    .     (no shield)
rPois  +         Spirit   .     (no helmet)
rElec  .         Dismiss  .     d - +0 cloak
rCorr  .         Reflect  .     (no gloves)
SustAt .         Harm     .     (no barding)
MR     .....                    (no amulet)
Stlth  ++++......               (no ring)
                                (no ring)

@: very slow
A: see invisible, deformed body, poison resistance, slowness 2, slow metabolism
1, spit poison 2, AC +1
a: Spit Poison


You were on level 1 of the Dungeon.
You were not hungry.

You visited 1 branch of the dungeon, and saw 1 of its levels.

You collected 34 gold pieces.

Inventory:

Hand Weapons
 a - a +2 dagger
 b - a +0 blowgun
 k - a +0 short sword (weapon)
Missiles
 e - 8 poisoned needles
 f - 2 curare-tipped needles
Armour
 c - a +0 robe (worn)
 d - a +0 cloak (worn)
Scrolls
 i - a scroll of remove curse {unknown}
 j - 3 scrolls of teleportation {unknown}
Comestibles
 g - a bread ration
 h - a beef jerky
 l - a meat ration


   Skills:
 + Level 2.0 Fighting
 + Level 2.2 Short Blades
 + Level 2.0 Throwing
 + Level 1.1 Dodging
 + Level 6.9 Stealth


You had 2 spell levels left.
You didn't know any spells.

Dungeon Overview and Level Annotations

Branches:
Dungeon (1/15)

Altars:


Innate Abilities, Weirdness & Mutations

You cannot wear boots.
Your serpentine skin is tough. (AC +1)
You have supernaturally acute eyesight. (SInv)
Armour fits poorly on your strangely shaped body.
Your system is resistant to poisons. (rPois)
You cover ground very slowly.
You have a slow metabolism.
You can spit poison.


Message History

You are too injured to fight recklessly!
You are too injured to fight recklessly!
You are too injured to fight recklessly!
You are too injured to fight recklessly!
You are too injured to fight recklessly!
Press: ? - help, Shift-Dir - straight line, f - goblin
Aim: a goblin (moderately wounded)
The splash of poison hits the goblin.
The goblin is poisoned.
You kill the goblin!
You feel slightly more hungry. The kobold hits you with a short sword.
* * * LOW HITPOINT WARNING * * *
You hit the kobold.
The kobold is severely wounded.
The kobold hits you with a short sword.
* * * LOW HITPOINT WARNING * * *
You closely miss the kobold.
The kobold is severely wounded.
You have got your breath back.
The kobold hits you with a short sword.
You die...

....#..# ####.## .#.###.######.
#####..# ##.. ...............
.......# ..######.#.####.##.###
######.#####.....................
..............$.....#.#####.#.###
######...........................
......................#####.#.###
.(..........(..(........ ...#.#
#..........####.@K....#####.#.###
'..........+ +..†...!+..........
#..........# #.......####.#..###
#..........# +.(.....# # #.....
#..........# #.......# #.>...
#..........# #.......# #.#.#.
#..........# #.......# #.....
#..........# #.......# ###.#.
#..........# #.#.


You could see a kobold.

Vanquished Creatures
  A dart slug (D:1)
  A giant gecko (D:1)
  A giant cockroach (D:1)
  5 hobgoblins (D:1)
  A ball python (D:1)
  5 bats (D:1)
  2 giant newts (D:1)
  A goblin (D:1)
  7 kobolds (D:1)
  7 rats (D:1)
31 creatures vanquished.

Notes
Turn   | Place    | Note
-------+----------+-------------------------------------------
     0 | D:1      | JustSomeDude the Naga Assassin began the quest for the Orb.
     0 | D:1      | Reached XP level 1. HP: 19/19 MP: 1/1
    16 | D:1      | Reached skill level 6 in Stealth
   118 | D:1      | Reached XP level 2. HP: 23/26 MP: 2/2
   716 | D:1      | Reached XP level 3. HP: 30/32 MP: 3/3
   723 | D:1      | Reached skill level 1 in Dodging
   866 | D:1      | Slain by a kobold

Vault maps used:
D:1:      ncdulo_lavacross

Skill      XL: |  1  2  3 |
---------------+----------+-----
Stealth        | 6 |  6.9
Throwing       | 2 |  2.0
Dodging        | 1 |  1.1
Fighting       | |  2.0
Short Blades   | |  2.2

Action                   || total
-------------------------++-------
Melee: Dagger            ||    30
       Short sword       ||    41
 Abil: Spit Poison       ||     2
 Stab: Sleeping          ||    11
Armor: Robe              ||    11
Dodge: Dodged            ||    33
